 Dungeon Crawl Stone Soup version 0.29.1-12-g30fa7ad0bf (webtiles) character file.

Game seed: 6199459223099721508

12037 booth the Grappler (level 11, -3/98 HPs)
             Began as a Troll Gladiator on Jan 8, 2023.
             Was an Elder of Ru.
             Slain by a killer bee (5 damage)
             ... on level 10 of the Dungeon.
             The game lasted 01:52:42 (10603 turns).

booth the Grappler (Troll Gladiator)               Turns: 10603, Time: 01:52:42

Health: -3/98      AC:  3    Str: 26    XL:     11   Next: 57%
Magic:  5/10       EV:  9    Int:  4    God:    Ru [****..]
Gold:   1090       SH: 19    Dex: 15    Spells: 10/10 levels left

rFire   . . .      SeeInvis .     - Unarmed
rCold   . . .      Faith    .   u - +5 tower shield "Reniet" {rPois Dex+2}
rNeg    + + .      Spirit   .   v - +2 robe {rN+}
rPois   +          Reflect  .   b - +1 hat
rElec   .          Harm     .   (no cloak)
rCorr   .          Rampage  .   (gloves unavailable)
Will    .....                   (boots unavailable)
Stlth   ++........              (no amulet)
HPRegen 1.06/turn               k - ring of flight
MPRegen 0.12/turn               m - ring of positive energy

@: lethally poisoned (-3 -> -3), exhausted, about to teleport, corroded, flying
A: large, unfitting armour, claws 3, regeneration 1, shaggy fur 1, tough skin 1,
hated by all, cowardly, inability to train armour
a: Renounce Religion, Draw Out Power, Power Leap


You were on level 10 of the Dungeon.
You worshipped Ru.
Ru was greatly pleased with you.
You visited 2 branches of the dungeon, and saw 11 of its levels.
You also visited: Sewer, Ossuary and Bailey.

You collected 1234 gold pieces.
You spent 144 gold pieces at shops.

Inventory:

Hand Weapons
 f - a +2 flail
 O - a +5 vampiric mace
 Q - a +0 mace of protection
Missiles
 a - 5 javelins
 c - 4 throwing nets (quivered)
 g - 55 stones
 o - 26 boomerangs
 D - 31 poisoned darts
 F - a large rock
 G - 8 datura-tipped darts
 H - 7 curare-tipped darts
 N - 7 atropa-tipped darts
Armour
 b - a +1 hat (worn)
 d - a +0 cloak
 q - the +5 robe "Yxejeruts" {Regen+}
   (You found it on level 7 of the Dungeon)

   Regen:     It increases your rate of health regeneration.
 r - a +0 kite shield
 u - the +5 tower shield "Reniet" (worn) {rPois Dex+2}
   (You acquired it on level 10 of the Dungeon)

   Dex:       It affects your dexterity (+2).
   rPois:     It protects you from poison.
 v - a +2 robe of positive energy (worn)
 M - +0 swamp dragon scales
Jewellery
 k - a ring of flight (left claw)
 m - a ring of positive energy (right claw)
 y - an amulet of faith
 J - an amulet of magic regeneration
 S - a ring of positive energy
Wands
 C - a wand of flame (13)
 K - a wand of iceblast (6)
 R - a wand of light (12)
Scrolls
 s - 3 scrolls of poison
 t - 2 scrolls of fog
 x - 3 scrolls of teleportation
 L - a scroll of amnesia
 V - 3 scrolls of immolation
Potions
 h - 16 potions of curing
 i - 4 potions of haste
 j - 3 potions of mutation
 l - 5 potions of lignification
 p - 4 potions of might
 w - 5 potions of flight
 z - a potion of cancellation
 A - 2 potions of berserk rage
 B - a potion of ambrosia
 E - 3 potions of attraction
 U - 3 potions of magic
Miscellaneous
 e - a lightning rod (4/4)
 I - a phial of floods


   Skills:
 + Level 3.6 Fighting
 * Level 5.6 Maces & Flails
 * Level 5.5 Throwing
 + Level 5.4 Dodging
 + Level 1.3 Stealth
 * Level 5.7 Shields
 * Level 13.0 Unarmed Combat
 * Level 2.7 Evocations


You had 10 spell levels left.
You didn't know any spells.
Your spell library contained the following spells:

 Spells                   Type           Power      Damage    Failure   Level
 Beastly Appendage        Tmut           0%         N/A       97%         1
 Freeze                   Ice            0%         1d3       97%         1
 Slow                     Hex            0%         N/A       97%         1
 Wereblood                Tmut           0%         N/A       99%         2
 Confusing Touch          Hex            0%         N/A       100%        3
 Dazzling Flash           Conj/Hex       0%         N/A       100%        3
 Frozen Ramparts          Ice            0%         1d1       100%        3
 Inner Flame              Hex/Fire       0%         N/A       100%        3
 Spider Form              Tmut/Pois      0%         N/A       100%        3
 Vampiric Draining        Necr           0%         2d6       100%        3
 Cause Fear               Hex            0%         N/A       100%        4
 Hailstorm                Conj/Ice       0%         3d3       100%        4
 Agony                    Necr           0%         N/A       100%        5
 Silence                  Hex/Air        0%         N/A       100%        5
 Discord                  Hex            0%         N/A       100%        8


Dungeon Overview and Level Annotations

Branches:
Dungeon (10/15)            Temple (1/1) D:4            Lair (0/5) D:8
  Sewer (visited)         Ossuary (visited)          Bailey (visited)
    Orc: D:9-12

Altars:
Ashenzari
Cheibriados
Dithmenos
Elyvilon
Gozag
Kikubaaqudgha
Makhleb
Nemelex Xobeh
Okawaru
Qazlal
Ru
Sif Muna
Trog
Uskayaw
Vehumet
Wu Jian
Xom
Zin
The Shining One

Shops:
D:7 *

Annotations:
D:4 3 runed translucent doors, Feihao's ghost, novice GrFi
D:8 Gastronok
D:9 Erica
D:10 Josephine


Innate Abilities, Weirdness & Mutations

You are too large for most types of armour.
You have claws for hands.
Your natural rate of healing is unusually fast.
You are covered in fur. (AC +1)
You have tough skin. (AC +1)
You are hated by all.
Your cowardice makes you less effective in combat with threatening foes.
You cannot train Armour skill.


Message History

* * * LOW HITPOINT WARNING * * *
The acid dragon closely misses you. You block the acid dragon's attack.
The killer bee stings you but does no damage.
The killer bee barely misses you.
You barely miss the killer bee.
You feel sick.
You block the killer bee's attack. x2; The killer bee closely misses you.
The killer bee stings you.
* * * LOW HITPOINT WARNING * * *
You block the acid dragon's attack. x2; The killer bee closely misses you. x2
You closely miss the killer bee.
The killer bee is almost dead.
You feel sick.
The killer bee is stunned by your conviction and fails to attack. x2
The killer bee barely misses you. x2; You block the killer bee's attack.
The killer bee closely misses you. The acid dragon spits acid at you.
The splash of acid hits you!
* * * LOW HITPOINT WARNING * * *
The acid corrodes you!
You focus your inner power and slow the acid dragon in retribution!
You block the killer bee's attack. The killer bee barely misses you.
Okay, then.
Okay, then.
Okay, then.
Okay, then.
Throw: 5 javelins
Press: ? - help, Q - select action, (/) - cycle Shift-Dir - straight line, f - killer bee
Aim: a killer bee (34% to hit)
Okay, then.
Okay, then.
You feel sick. You block the killer bee's attack. x3
The killer bee barely misses you.
As you read the scroll of teleportation, it crumbles to dust.
You feel strangely unstable.
You feel sick.
The killer bee stops glowing.
The killer bee barely misses you. The killer bee stings you.
* * * LOW HITPOINT WARNING * * *
You block the killer bee's attack. x2; The killer bee closely misses you.
The killer bee is stunned by your conviction and fails to attack.
The killer bee stings you.
You die...

....# ......#
.......##
.......##
#.$....## ...
#.......#
...###.....D.#
..........yyy#
..........y@y#
.............#
D............#
....$........#
............<#
.............#
.............#
.............#
.............#


You could see an acid dragon (slow, catching breath) and 5 killer bees.

Vanquished Creatures
  A centaur warrior (D:9)
  Amaemon (D:9)
  Pikel (D:6)
  An orc knight (Bailey)
  2 deep elf pyromancers (D:9)
  Maggie (D:7)
  An orange demon (D:9)
  A komodo dragon (D:10)
  A troll (D:9)
  Prince Ribbit (D:7)
  3 wyverns
  3 wraiths
  5 yaks (D:9)
  A basilisk (shapeshifter) (D:9)
  4 steam dragons
  Menkaure (D:7)
  An acid dragon (D:5)
  2 water moccasins
  Duvessa (D:7)
  8 orc warriors
  2 ice beasts (D:7)
  2 black bears (D:6)
  3 centaurs (D:9)
  An ogre (D:6)
  A phantom (D:5)
  8 kobold brigands
  Blork the orc (D:4)
  6 bullfrogs
  A gnoll sergeant (D:9)
  2 scorpions
  12 wights
  A necrophage (D:7)
  Dowan (D:7)
  6 killer bees
  A howler monkey (D:9)
  A human zombie (Ossuary)
  4 hounds
  A gnoll bouda (D:8)
  2 orc priests (D:7)
  2 iguanas (D:6)
  8 orc wizards
  3 mummies (Ossuary)
  8 gnolls
  7 adders
  5 river rats (Sewer)
  2 white imps
  9 worms
  A dart slug (D:5)
  19 orcs
  6 endoplasms
  8 giant cockroaches
  2 gnoll zombies (Ossuary)
  7 hobgoblins
  9 jackals
  3 quokkas
  15 ball pythons
  12 bats
  3 frilled lizards (Sewer)
  15 goblins
  A goblin zombie (Ossuary)
  5 hobgoblin zombies (Ossuary)
  24 kobolds
  3 kobold zombies (Ossuary)
  4 rats (D:3)
277 creatures vanquished.

Vanquished Creatures (collateral kills)
  Maurice (D:9)
1 creature vanquished.

Vanquished Creatures (others)
  An unseen horror (D:10)
  A water moccasin (D:8)
  An orc (D:9)
  20 fungi
  2 plants (D:8)
25 creatures vanquished.

Grand Total: 303 creatures vanquished

Notes
Turn   | Place    | Note
-------+----------+-------------------------------------------
     0 | D:1      | booth the Troll Gladiator began the quest for the Orb.
     0 | D:1      | Reached XP level 1. HP: 19/19 MP: 0/0
   161 | D:1      | Found a faded altar of an unknown god.
   215 | D:1      | Reached XP level 2. HP: 27/27 MP: 1/1
   997 | D:2      | Found a stormy altar of Qazlal.
  1027 | D:2      | Reached XP level 3. HP: 30/35 MP: 2/2
  1877 | D:3      | Reached skill level 4 in Unarmed Combat
  1973 | D:3      | Reached XP level 4. HP: 42/42 MP: 3/3
  2132 | D:3      | Found an opulent altar of Gozag.
  2633 | D:3      | Found a glowing golden altar of the Shining One.
  2966 | D:4      | Found a staircase to the Ecumenical Temple.
  3001 | D:4      | Reached XP level 5. HP: 49/49 MP: 4/4
  3014 | Temple   | Entered the Ecumenical Temple
  3022 | Temple   | Became a worshipper of Ru the Awakened
  3247 | D:4      | Found a glowing drain.
  3279 | D:4      | Reached skill level 5 in Unarmed Combat
  3285 | Sewer    | Entered a sewer
  3452 | Sewer    | HP: 2/49 [river rat (3)]
  3909 | Sewer    | Reached XP level 6. HP: 57/57 MP: 5/5
  4184 | D:4      | Noticed Blork the orc
  4199 | D:4      | Killed Blork the orc
  4200 | D:4      | Reached skill level 1 in Maces & Flails
  4200 | D:4      | Reached skill level 1 in Shields
  4225 | D:4      | Reached skill level 6 in Unarmed Combat
  4279 | D:4      | Found a runed translucent gate.
  4280 | D:4      | Found a runed translucent gate.
  4281 | D:4      | Found a runed translucent gate.
  4283 | D:4      | Noticed Feihao's ghost (novice GrFi)
  4357 | D:4      | Gained mutation: You cannot train Armour skill. [Ru
                  | sacrifice]
  4357 | D:4      | Reached * piety under Ru
  4472 | D:5      | Entered Level 5 of the Dungeon
  4504 | D:5      | Reached XP level 7. HP: 63/65 MP: 6/6
  4573 | D:5      | Noticed Prince Ribbit
  4970 | D:5      | Identified the +2 helmet of Shadows and Fog {rElec Regen+}
  5156 | D:5      | Reached skill level 7 in Unarmed Combat
  5352 | D:6      | Noticed a steam dragon
  5413 | D:6      | Killed a steam dragon
  5414 | D:6      | Reached XP level 8. HP: 42/72 MP: 7/7
  5498 | D:6      | Noticed Pikel
  5506 | D:6      | Killed Pikel
  5507 | D:6      | Reached skill level 8 in Unarmed Combat
  5977 | D:7      | Found a flagged portal.
  5996 | D:7      | Killed Prince Ribbit
  5997 | D:7      | Reached skill level 9 in Unarmed Combat
  5997 | D:7      | Reached XP level 9. HP: 80/80 MP: 8/8
  6010 | D:7      | Identified the +5 robe "Yxejeruts" {Regen+}
  6037 | Bailey   | Entered a bailey
  6196 | Bailey   | Noticed an orc knight
  6209 | Bailey   | Killed an orc knight
  6263 | Bailey   | Reached skill level 1 in Stealth
  6263 | Bailey   | Reached skill level 10 in Unarmed Combat
  6275 | Bailey   | Found an iron altar of Okawaru.
  6351 | D:7      | Noticed Menkaure
  6402 | D:7      | Killed Menkaure
  6507 | D:7      | Gained mutation: Your cowardice makes you less effective in
                  | combat with threatening foes. [Ru sacrifice]
  6507 | D:7      | Reached ** piety under Ru
  6543 | D:7      | Noticed Maggie
  6817 | D:7      | Found a shimmering blue altar of Sif Muna.
  6934 | D:7      | Noticed Dowan
  6935 | D:7      | Noticed Duvessa
  6951 | D:7      | Killed Dowan
  7015 | D:7      | Found a basalt altar of Yredelemnul.
  7018 | D:7      | Found a snail-covered altar of Cheibriados.
  7019 | D:7      | Found a blossoming altar of Fedhas.
  7019 | D:7      | Found a hide-covered altar of Uskayaw.
  7030 | D:7      | Killed Duvessa
  7068 | D:7      | Found Jumaocs's Gadget Gallery.
  7091 | D:7      | Bought a wand of iceblast (6) for 144 gold pieces
  7133 | D:7      | Reached XP level 10. HP: 72/89 MP: 9/9
  7199 | D:7      | Found an iron altar of Okawaru.
  7271 | D:7      | Killed Maggie
  7329 | D:7      | Found a sparkling altar of Nemelex Xobeh.
  7419 | D:8      | Found an ancient bone altar of Kikubaaqudgha.
  7495 | D:8      | Reached skill level 1 in Evocations
  7586 | D:8      | Noticed Gastronok
  7654 | D:8      | Found a staircase to the Lair.
  7733 | D:8      | Reached skill level 11 in Unarmed Combat
  7787 | D:8      | Found a sand-covered staircase.
  7797 | Ossuary  | Entered an ossuary
  8715 | D:9      | Noticed Maurice
  8756 | D:9      | Killed Maurice
  8991 | D:9      | Noticed Amaemon
  8992 | D:9      | Noticed an orange demon
  9016 | D:9      | Reached skill level 5 in Throwing
  9019 | D:9      | Gained mutation: You are hated by all. [Ru sacrifice]
  9019 | D:9      | Reached *** piety under Ru
  9019 | D:9      | Reached **** piety under Ru
  9190 | D:9      | Reached skill level 12 in Unarmed Combat
  9277 | D:9      | Reached skill level 5 in Shields
  9319 | D:9      | Noticed a deep elf pyromancer
  9326 | D:9      | Noticed a centaur warrior
  9338 | D:9      | Killed a centaur warrior
  9339 | D:9      | Reached skill level 5 in Maces & Flails
  9339 | D:9      | Reached skill level 5 in Dodging
  9346 | D:9      | Killed a deep elf pyromancer
  9347 | D:9      | Reached XP level 11. HP: 45/97 MP: 4/10
  9420 | D:9      | Noticed a deep elf pyromancer
  9468 | D:9      | Killed a deep elf pyromancer
  9831 | D:9      | Killed Amaemon
 10066 | D:9      | Noticed Erica
 10068 | D:10     | Entered Level 10 of the Dungeon
 10308 | D:10     | Noticed Josephine
 10326 | D:10     | Identified a scroll of acquirement
 10361 | D:10     | Acquired the +5 tower shield "Reniet" {rPois Dex+2}
 10395 | D:10     | Found Itee's Magic Scroll Boutique.
 10466 | D:10     | Reached skill level 13 in Unarmed Combat
 10603 | D:10     | HP: 2/98 [killer bee (4)]
 10603 | D:10     | Slain by a killer bee

Illustrated notes

Levels and vault maps discovered:
D:1:      minmay_arrival_open_corners, layout_basic,
          shapermc_ecumenical_altar_mp_vishouse
D:2:      layout_basic, serial_corexii_hall, chequers_hall_statues_wall_a,
          corexii_hall_statues_x, basic_altar
D:3:      layout_loops_corners, mainiacjoe_overflow_catch_the_wave,
          grunt_decor_mini_mirrors, minmay_checkerbox
D:4:      layout_gridville, minmay_temple_entry_statues_fountains,
          biasface_ghost_orc_armoury, cheibrodos_sewer_entry_bend,
          minmay_misc_feat_iff, uniq_blork_the_orc
D:5:      layout_basic, minmay_holes, uniq_prince_ribbit1
D:6:      layout_cave_pools, uniq_pikel
D:7:      layout_basic, mainiacjoe_overflow_six_doors_small,
          chequers_temple_overflow_statue_of_worship,
          nemelex_diamond_rough_becter, mainiacjoe_overflow_chevrons,
          enter_bailey_5, minivault_24, hex_intersection, nicolae_shop_gadgets,
          uniq_duvessa, uniq_maggie, uniq_menkaure
D:8:      layout_rooms, mainiacjoe_overflow_cross_hatched, dpeg_oklobed_lair,
          lightli_ossuary_entry_decrepit_ruins, uniq_gastronok
D:9:      minmay_bloctagon, layout_gridville, uniq_erica, uniq_maurice,
          uniq_amaemon
D:10:     layout_big_octagon, serial_shops, nicolae_stop_n_shop_1, uniq_joseph,
          uniq_josephine
Temple:   nicolae_temple_no_exploring_needed

Skill      XL: |  1  2  3  4  5  6  7  8  9 10 11 |
---------------+----------------------------------+-----
Throwing       | 2 3 4 5 |  5.5
Unarmed Combat | 4 5 6 7 9 10 12 13 | 13.0
Dodging        | 3 4 5 |  5.4
Fighting       | 2 3 |  3.6
Maces & Flails | 1 2 3 4 5 |  5.6
Shields        | 1 2 3 4 5 |  5.7
Stealth        | 1 |  1.3
Evocations     | 1 2 |  2.7

Action                   |  1- 3 |  4- 6 |  7- 9 | 10-12 || total
-------------------------+-------+-------+-------+-------++-------
Melee: Unarmed           |   116 |   204 |   239 |   359 ||   918
       Punch             |     6 |       |       |       ||     6
Throw: Large rock        |       |     1 |     2 |     1 ||     4
       Stone             |       |     2 |       |       ||     2
       Boomerang         |       |       |     5 |     4 ||     9
       Dart              |       |       |     2 |     6 ||     8
Invok: Sacrifice Durabil |       |     1 |       |       ||     1
       Sacrifice Courage |       |       |     1 |       ||     1
       Power Leap        |       |       |       |     3 ||     3
       Sacrifice Love    |       |       |       |     1 ||     1
  Use: Scroll            |     3 |     8 |    11 |    14 ||    36
       Potion            |     1 |     1 |     2 |     4 ||     8
 Stab: Sleeping          |     1 |       |       |     1 ||     2
       Distracted        |       |       |       |     2 ||     2
       Invisible         |       |       |       |     1 ||     1
Armor: Robe              |    25 |    59 |    59 |   115 ||   258
Dodge: Dodged            |    60 |    93 |    88 |   153 ||   394
Block: Kite shield       |       |    43 |    84 |   112 ||   239
       Tower shield      |       |       |       |    61 ||    61
